 Dungeon Crawl Stone Soup version 0.19.5 (webtiles) character file.

196 Aphrodieselac the Charmwright (level 5, -1/38 HPs)
             Began as a Merfolk Skald on Mar 27, 2017.
             Slain by an ogre
             ... wielding a +0 giant club
              (21 damage)
             ... on level 3 of the Dungeon.
             The game lasted 00:09:24 (3154 turns).

Aphrodieselac the Charmwright (Merfolk Skald)       Turns: 3154, Time: 00:09:24

Health: -1/38      AC:  5    Str: 12    XL:     5   Next: 75%
Magic:  8/8        EV: 11    Int: 13    God:
Gold:   220        SH:  0    Dex: 13    Spells: 3 memorised, 3 levels left

rFire  . . .     SeeInvis .     o - +3 spear (flame)
rCold  . . .     Gourm    .     b - +0 leather armour
rNeg   . . .     Faith    .     (no shield)
rPois  .         Spirit   .     (no helmet)
rElec  .         Reflect  .     v - +0 cloak
rCorr  .         Harm     .     (no gloves)
MR     .....                    n - +0 pair of boots
Stlth  +.........               (no amulet)
                                (no ring)
                                (no ring)

@: no status effects
A: change form in water, swift swim, stealthy swim
a: no special abilities


You were on level 3 of the Dungeon.
You were very hungry.

You visited 1 branch of the dungeon, and saw 4 of its levels.

You collected 220 gold pieces.

Inventory:

Hand Weapons
 a - a +0 spear
 o - a +3 spear of flaming (weapon)
Missiles
 p - 9 poisoned needles
Armour
 b - a +0 leather armour (worn)
 n - a +0 pair of boots (worn)
 v - a +0 cloak (worn)
Jewellery
 q - an uncursed ring of ice
Scrolls
 e - a scroll of magic mapping {unknown}
 i - 2 scrolls of recharging {unknown}
 k - a scroll of remove curse {unknown}
 l - 2 scrolls of identify {unknown}
 r - 2 scrolls of enchant weapon
 s - a scroll of teleportation {unknown}
 t - a scroll of enchant armour {unknown}
Potions
 f - a potion of invisibility
 j - a potion of brilliance {unknown}
 m - 4 potions of curing {unknown}
 u - a potion of heal wounds {unknown}
 w - a potion of lignification {unknown}
Books
 c - a book of Battle

   Spells                             Type                      Level
   a - Infusion                       Charms                       1
   b - Shroud of Golubria             Charms/Translocation         2
   c - Song of Slaying                Charms                       2
   d - Spectral Weapon                Hexes/Charms                 3
   e - Regeneration                   Charms/Necromancy            3
Comestibles
 d - 4 bread rations
 h - 3 meat rations


   Skills:
 - Level 2.1 Fighting
 + Level 4.9 Polearms
 - Level 0.6 Armour
 - Level 1.3 Dodging
 - Level 2.0 Spellcasting
 * Level 6.1 Charms


You had 3 spell levels left.
You knew the following spells:

 Your Spells              Type           Power        Failure   Level  Hunger
a - Infusion              Chrm           ###.         2%          1    ##.....
b - Song of Slaying       Chrm           ###.....     4%          2    ###....
c - Shroud of Golubria    Chrm/Tloc      #.........   14%         2    ###....


Dungeon Overview and Level Annotations

Branches:
Dungeon (4/15)
 Temple: D:4-7

Altars:

Annotations:
D:4 NeverLocke's ghost, amateur DsGl


Message History

An orc, an orc wizard and an ogre come into view.
The orc wizard shouts!
The ogre shouts!
The orc shouts!
You hear a shout! x2
The orc hits you from afar with a trident!
The ogre hits you with a giant club! The orc misses you.
The orc wizard closely misses you.
An orc comes into view. It is wielding a dagger.
There is a stone staircase leading up, spattered with blood here.
The ogre barely misses you. The orc wizard barely misses you.
The orc hits you but does no damage.
You climb upwards.
There is a stone staircase leading down here.
As you read the scroll labeled MOMPUID OKLA, it crumbles to dust.
It is a scroll of enchant weapon.
Your +2 spear of flaming glows red for a moment.
The ogre barely misses you.
You hit the ogre. You burn the ogre.
The ogre is moderately wounded.
The ogre hits you with a giant club!!
Ouch! That really hurt!
You die...

.........####...##.#
.........'.......#.#
.........####...##.#
#.......## ##.###.####
##.....## #.........#
##...## #..###.##.#
####'## #..#...##.# .#
#.# #..#.#.##.# .# #<#
#..#@#.##.# .###.##
#..#O#.##.#
......#######...o>....#
.#...............######
.##...############
.###.## ## ###


You could see an ogre and an orc wizard.

Vanquished Creatures
  Natasha (thrice) (D:3)
  4 adders
  2 oozes
  2 worms (D:3)
  A dart slug (D:1)
  2 leopard geckos (D:1)
  3 giant cockroaches
  4 goblins
  10 hobgoblins
  5 jackals
  A ball python (D:3)
  8 bats
  5 frilled lizards
  8 kobolds
  13 rats
71 creatures vanquished.

Vanquished Creatures (others)
  A bush (D:1)
1 creature vanquished.

Grand Total: 72 creatures vanquished

Notes
Turn   | Place    | Note
-------+----------+-------------------------------------------
     0 | D:1      | Aphrodieselac the Merfolk Skald began the quest for the Orb.
     0 | D:1      | Reached XP level 1. HP: 16/16 MP: 3/3
    87 | D:1      | Reached XP level 2. HP: 20/22 MP: 0/5
    92 | D:1      | Reached skill level 4 in Charms
   626 | D:1      | Reached XP level 3. HP: 22/27 MP: 6/6
  1174 | D:2      | Reached XP level 4. HP: 33/33 MP: 7/7
  1313 | D:2      | Found a faded altar of an unknown god.
  1435 | D:3      | Reached skill level 5 in Charms
  1440 | D:3      | Learned a level 2 spell: Song of Slaying
  1443 | D:3      | Learned a level 2 spell: Shroud of Golubria
  1750 | D:3      | Noticed Natasha
  2333 | D:3      | Reached XP level 5. HP: 38/38 MP: 3/8
  2603 | D:3      | Killed Natasha
  2667 | D:3      | Noticed Natasha
  2674 | D:3      | Killed Natasha
  2731 | D:3      | Noticed Natasha
  2740 | D:3      | Killed Natasha
  2740 | D:3      | Reached skill level 6 in Charms
  2939 | D:4      | Noticed NeverLocke's ghost (amateur DsGl)
  3148 | D:4      | Noticed an ogre
  3154 | D:3      | Slain by an ogre

Skill      XL: |  1  2  3  4  5 |
---------------+----------------+-----
Charms         | 4 5 6 |  6.1
Polearms       | 4 |  4.9
Fighting       | |  2.1
Armour         | |  0.6
Dodging        | |  1.3
Spellcasting   | |  2.0

Action                   |  1- 3 |  4- 6 || total
-------------------------+-------+-------++-------
Melee: Spear             |   122 |   102 ||   224
 Cast: Infusion          |     5 |     3 ||     8
  Use: Scroll            |       |     1 ||     1
 Stab: Sleeping          |     1 |     1 ||     2
  Eat: Chunk             |     1 |     5 ||     6
Armor: Leather armour    |    25 |    17 ||    42
Dodge: Dodged            |    50 |    35 ||    85
